 Dungeon Crawl Stone Soup version 0.32-a0-975-g85d4e5bfdb (webtiles) character file.

Game seed: 12847779138169000071

1982 bobo the Cleaver (level 9, -2/121 HPs)
             Began as a Minotaur Gladiator on Apr 19, 2024.
             Was a Believer of Okawaru.
             Succumbed to a scorpion's poison
             ... on level 6 of the Dungeon.
             The game lasted 00:18:50 (6727 turns).

bobo the Cleaver (Minotaur Gladiator)               Turns: 6727, Time: 00:18:52

Health: -2/121     AC: 28    Str: 23    XL:     9   Next: 1%
Magic:  11/11      EV:  2    Int:  5    God:    Okawaru [**....]
Gold:   171        SH:  0    Dex: 12    Spells: 8/8 levels left

rFire   . . .        a - +0 war axe
rCold   . . .        (no shield)
rNeg    . . .        y - melded +0 chain mail {rN+}
rPois   +            c - melded +0 hat
rElec   .            (cloak currently unavailable)
rCorr   .            (gloves currently unavailable)
SInv    .            (boots currently unavailable)
Will    .....        (no amulet)
Stlth   +            t - +4 ring of protection
HPRegen 0.40/turn    v - ring of flight
MPRegen 0.12/turn

%: no passive effects
@: mighty, lethally poisoned (-2 -> -18), tree-form
A: stationary, stasis, torment immunity, boosted hp, (horns 2), (retaliatory
headbutt)
a: Renounce Religion, Heroism


You were on level 6 of the Dungeon.
You worshipped Okawaru.
Okawaru was pleased with you.
You were a tree.
You visited 1 branch of the dungeon, and saw 6 of its levels.
You also visited: Sewer.

You collected 171 gold pieces.

Inventory:

Hand Weapons
 a - a +0 war axe (weapon)
 f - a +1 dagger of electrocution
 k - a +0 halberd
Missiles
 b - 3 boomerangs (quivered)
 d - 3 throwing nets
 e - a javelin
 h - a curare-tipped dart
Armour
 c - a +0 hat (melded)
 g - a +0 leather armour of poison resistance
 y - a +0 chain mail of positive energy (melded)
Jewellery
 j - an amulet of magic regeneration
 t - a +4 ring of protection (left branch)
 v - a ring of flight (right branch)
Wands
 u - a wand of acid (5)
 B - a wand of roots (14)
Scrolls
 l - 2 scrolls of teleportation {unknown}
 m - 3 scrolls of vulnerability {unknown}
 n - 5 scrolls of identify {unknown}
 o - 2 scrolls of enchant armour {unknown}
 p - a scroll of fear {unknown}
 r - 3 scrolls of blinking
 s - a scroll of immolation {unknown}
 w - a scroll of fog
 x - a scroll of revelation {unknown}
 A - a scroll of poison {unknown}
Potions
 i - a potion of haste


   Skills:
 + Level 7.9 Fighting
 + Level 8.3 Axes
 + Level 6.5 Throwing
 - Level 3.2 Dodging
 + Level 4.3 Invocations


You had 8 spell levels left.
You didn't know any spells.
Your spell library contained the following spells:

 Spells                   Type           Power      Damage    Failure   Level
 Foxfire                  Conj/Fire      0%         2x1d4     47%         1
 Dazzling Flash           Conj/Hex       0%         N/A       85%         3
 Mephitic Cloud           Conj/Alch/Air  0%         N/A       85%         3
 Stone Arrow              Conj/Erth      0%         3d7       85%         3
 Silence                  Hex/Air        0%         N/A       100%        5
 Plasma Beam              Fire/Air       0%         2x1d10    100%        6
 Starburst                Conj/Fire      0%         6d3       100%        6
 Lehudib's Crystal Spear  Conj/Erth      0%         10d2      100%        8
 Animate Armour           Summ/Erth      Unusable   N/A       N/A         4
 Seismic Cannonade        Alch/Erth      Unusable   6d4       N/A         7

Dungeon Overview and Level Annotations

Branches:
Dungeon (6/15)             Temple (0/1) D:4           Sewer (visited)

Altars:
Kikubaaqudgha
Okawaru
Uskayaw

Shops:
D:5 [


Innate Abilities, Weirdness & Mutations

You are a tree.
Your roots penetrate the ground, keeping you stationary.
You cannot be teleported.
You are immune to unholy pain and torment.
Your maximum health is greatly increased.
Your equipment is partially melded.
((You have a pair of horns on your head.))
((You reflexively headbutt those who attack you in melee.))


Message History

* * * LOW HITPOINT WARNING * * *
You feel very sick.
The scorpion stings you but does no damage.
The gnoll barely misses you.
The scorpion stings you but does no damage.
You closely miss the scorpion.
The scorpion is almost dead.
* * * LOW HITPOINT WARNING * * *
You feel very sick. The gnoll closely misses you. The scorpion stings you.
* * * LOW HITPOINT WARNING * * *
You are more poisoned.
The scorpion poisons you!
It was a potion of lignification.
You turn into a tree.
Your +0 hat melds into your body.
Your +0 chain mail of positive energy melds into your body.
You feel less protected from negative energy.
Your roots penetrate the ground.
* * * LOW HITPOINT WARNING * * *
You feel very sick.
The scorpion stings you but does no damage.
The gnoll hits you but does no damage.
You slash the scorpion!
You kill the scorpion!
Okawaru accepts your kill.
* * * LOW HITPOINT WARNING * * *
You feel very sick.
The gnoll hits you from afar with a +2 spear of venom!
* * * LOW HITPOINT WARNING * * *
You have reached level 9!
Your experience leads to an increase in your attributes!
Increase (S)trength, (I)ntelligence, or (D)exterity?
You feel stronger. x2
Okay, then.
Throw: 3 boomerangs
Press: ? - help, Q - select action, (/) - cycle Shift-Dir - straight line, f - gnoll
Aim: a gnoll, wielding a +2 spear of venom (65% to hit)
You throw a boomerang. The boomerang hits the gnoll!
The gnoll is heavily wounded.
You die...

#. .## #. ##..##
#. ..... .. ...#
#. )$.# #. #..#
##.#.####..#####.
#...g)♣).........
...#.######$.####.
#..# ##.# #.# #.#
#<### #...# ##''##


You could see a gnoll.

Vanquished Creatures
  The ghost of Rocko1345 the Slasher, an amateur CoRe (D:3)
  An ogre (D:5)
  A black bear (D:5)
  A centaur (D:5)
  3 phantoms
  4 kobold brigands (Sewer)
  2 scorpions (D:6)
  A water moccasin skeleton (D:5)
  A howler monkey (D:3)
  2 bombardier beetles
  4 bullfrog zombies (D:5)
  2 hounds
  A human zombie (D:5)
  A gnoll bouda (D:6)
  2 orc priests
  A bullfrog skeleton (D:5)
  An orc wizard (D:4)
  2 iguanas
  2 scorpion zombies (D:5)
  A howler monkey zombie (D:5)
  8 gnolls
  13 adders
  A river rat (Sewer)
  2 ufetubi (D:4)
  A dart slug (D:1)
  4 ribbon worms (Sewer)
  11 orcs
  14 ball pythons
  2 bats
  12 endoplasms
  5 giant cockroaches
  5 goblins
  6 hobgoblins
  3 jackals (D:3)
  14 kobolds
  6 quokkas
  4 frilled lizards
  4 rats
149 creatures vanquished.

Notes
Turn   | Place    | Note
-------+----------+-------------------------------------------
     0 | D:1      | bobo the Minotaur Gladiator began the quest for the Orb.
     0 | D:1      | Reached XP level 1. HP: 18/18 MP: 0/0
   231 | D:1      | Reached XP level 2. HP: 25/25 MP: 1/1
   320 | D:1      | Reached skill level 4 in Axes
   882 | D:2      | Reached XP level 3. HP: 16/31 MP: 2/2
  1859 | D:3      | Reached XP level 4. HP: 40/40 MP: 3/3
  2043 | D:3      | Reached XP level 5. HP: 35/46 MP: 4/4
  2072 | D:3      | Reached skill level 5 in Axes
  2333 | D:3      | Found a glowing drain.
  2338 | Sewer    | Entered a sewer
  2639 | Sewer    | Reached skill level 5 in Fighting
  2639 | Sewer    | Reached XP level 6. HP: 30/56 MP: 5/5
  3003 | Sewer    | Reached skill level 6 in Axes
  3423 | Sewer    | Reached XP level 7. HP: 62/62 MP: 6/6
  3628 | D:3      | Found an iron altar of Okawaru.
  3631 | D:3      | Became a worshipper of Warmaster Okawaru
  3723 | D:3      | Found a runed translucent door.
  3728 | D:3      | Noticed Rocko1345's ghost (amateur CoRe)
  3794 | D:3      | Found a hide-covered altar of Uskayaw.
  4075 | D:3      | Killed Rocko1345's ghost
  4076 | D:3      | Reached skill level 1 in Invocations
  4224 | D:4      | Found a staircase to the Ecumenical Temple.
  4346 | D:4      | Reached skill level 5 in Throwing
  4756 | D:4      | Reached * piety under Okawaru
  4757 | D:4      | Reached skill level 7 in Axes
  4976 | D:5      | Entered Level 5 of the Dungeon
  5077 | D:5      | Reached XP level 8. HP: 57/71 MP: 8/8
  5905 | D:5      | Found Coudont's Antique Armour Boutique.
  6302 | D:5      | Found an ancient bone altar of Kikubaaqudgha.
  6344 | D:5      | Reached ** piety under Okawaru
  6394 | D:5      | Reached skill level 8 in Axes
  6726 | D:6      | HP: 1/111 [gnoll/+2 spear of venom[a gnoll bouda] (8)]
  6727 | D:6      | Reached XP level 9. HP: 1/81 MP: 11/11
  6727 | D:6      | Succumbed to a scorpion's poison

Illustrated notes

Levels and vault maps discovered:
D:1:      pf_arrival_petrified_forest, layout_loops_ring, minmay_door_square,
          eino_curves_04
D:2:      layout_basic
D:3:      layout_loops_corners, mainiacjoe_overflow_swirl,
          mainiacjoe_sewer_entry_somewhere_in_here_1, ebering_ghost_sewer_d
D:4:      layout_cave_pools, temple_statues, minmay_misc_feat_rugged,
          nicolae_figureground_pulse
D:5:      layout_layer_cave, lemuel_mausoleum_altar_kikubaaqudgha, serial_shops,
          shop
D:6:      layout_loops_ring, mainiacjoe_overflow_small_starburst,
          gammafunk_ghost_grave, st_stairs_4, kennysheep_generic_room_3

Skill      XL: |  1  2  3  4  5  6  7  8 |
---------------+-------------------------+-----
Axes           | 4 5 6 7 8 |  8.3
Fighting       | 3 4 5 6 7 |  7.9
Throwing       | 3 4 5 6 |  6.5
Invocations    | 2 4 |  4.3
Dodging        | |  3.2

Action                     |  1- 3 |  4- 6 |  7- 9 || total
---------------------------+-------+-------+-------++-------
  Melee: War axe           |    68 |   124 |   191 ||   383
         Headbutt          |     9 |    16 |    40 ||    65
  Throw: Boomerang         |       |    18 |    21 ||    39
         Javelin           |       |       |     1 ||     1
  Evoke: Wand              |       |       |     1 ||     1
    Use: Scroll            |     2 |       |       ||     2
         Potion            |     1 |     1 |     3 ||     5
 Armour: Leather armour    |    24 |       |       ||    24
         Chain mail        |    28 |   121 |   177 ||   326
         Skin              |       |       |     3 ||     3
  Dodge: Dodged            |    47 |    55 |    76 ||   178

Table legend: (Time is in decaauts)
 A = Elapsed time spent in this place.
 B = Non-inter-level travel time spent in this place.
 C = Inter-level travel time spent in this place.
 D = Time resting spent in this place.
 E = Time spent auto-exploring this place.
 F = Levels seen in this place.
 G = Mean time per level.
                   A        B        C        D        E       F      G
               +--------+--------+--------+--------+--------+-----+--------+
         Total |   6975 |   6663 |    312 |      5 |   5507 |   7 |  996.4 |
       Dungeon |   5575 |   5263 |    312 |      0 |   4405 |   6 |  929.2 |
         Sewer |   1400 |   1400 |      0 |      5 |   1102 |   1 | 1400.0 |
               +--------+--------+--------+--------+--------+-----+--------+

Top non-repeatable levels by time:
     D:5: 1695 daAuts
   Sewer: 1400 daAuts
     D:3: 1316 daAuts
     D:2: 1008 daAuts
     D:4: 758 daAuts
     D:1: 727 daAuts
     D:6: 68 daAuts
